 Dungeon Crawl Stone Soup version 0.27-a0-333-gfa571bf19a (webtiles) character file.

Game seed: 419011069940846382

3 Leibowitz the Chopper (level 1, 20/20 HPs)
             Began as a Minotaur Berserker on Feb 10, 2021.
             Was a Follower of Trog.
             Got out of the dungeon alive.
             The game lasted 00:01:08 (258 turns).

Leibowitz the Chopper (Minotaur Berserker)           Turns: 258, Time: 00:01:08

Health: 20/20      AC:  2    Str: 21    XL:     1   Next: 41%
Magic:  0/0        EV: 12    Int:  4    God:    Trog [*.....]
Gold:   18         SH:  0    Dex:  9    Spells: 0/0 levels left

rFire    . . .     SeeInvis .   a - +0 hand axe
rCold    . . .     Faith    .   (no shield)
rNeg     . . .     Spirit   .   b - +0 animal skin
rPois    .         Reflect  .   (helmet restricted)
rElec    .         Harm     .   (no cloak)
rCorr    .         Rampage  .   (no gloves)
Will     .....                  (no boots)
Stlth    +.........             (no amulet)
HPRegen  0.06/turn              (no ring)
MPRegen  0.07/turn              (no ring)

@: no status effects
A: retaliatory headbutt, horns 2
a: Renounce Religion, Berserk


You escaped.
You worshipped Trog.
Trog was aware of your devotion.
You visited 1 branch of the dungeon, and saw 1 of its levels.

You collected 18 gold pieces.

Inventory:

Hand Weapons
 a - a +0 hand axe (weapon)
Armour
 b - a +0 animal skin (worn)
Scrolls
 c - a scroll of identify {unknown}
 d - a scroll of removedness


   Skills:
 * Level 3.7 Fighting
 * Level 3.7 Axes
 * Level 2.4 Armour
 * Level 2.2 Dodging


You couldn't memorise any spells.
You didn't know any spells.
Your spell library was empty.

Dungeon Overview and Level Annotations

Branches:
Dungeon (1/15)

Altars:


Innate Abilities, Weirdness & Mutations

You reflexively headbutt those who attack you in melee.
You have a pair of horns on your head.


Message History

Save game and exit?
Welcome back, Leibowitz the Minotaur Berserker.
Trog says: Kill them all!
Press ? for a list of commands and other information.
d - a scroll of removedness You see here a hunting sling.
You now have 18 gold pieces.
A bat comes into view.
The bat barely misses you. The bat hits you but does no damage.
The bat completely misses you. You furiously retaliate!
You headbutt the bat!
You kill the bat!
Trog accepts your kill.
A frilled lizard comes into view.
Found an amulet of inaccuracy.
The frilled lizard hisses angrily.
The frilled lizard completely misses you.
You barely miss the frilled lizard.
Your headbutt misses the frilled lizard.
The frilled lizard bites you but does no damage.
You slash the frilled lizard!
You kill the frilled lizard!
Trog accepts your kill.
e - an amulet of inaccuracy Drop what? 5/52 slots (_ for help) (? for menu, Esc to quit)
You drop an amulet of inaccuracy.
Save game and exit?
Welcome back, Leibowitz the Minotaur Berserker.
Trog says: Kill them all!
Press ? for a list of commands and other information.
Your movement speed is average.
Your attack speed is below average.
You aren't carrying any potions.
Unknown command.
You see here a hunting sling.
You see here a ball python corpse.
There is an open door here.
There is a staircase leading out of the dungeon here.
Are you sure you want to leave the Dungeon?
This will make you lose the game! [Y]es or [N]o only, please.
Are you sure you want to leave the Dungeon?
This will make you lose the game!
You have escaped!

##### ### ######.@.######
#.. ###.............###
#.####.................#
###.##.'.................+
.##.#.†#.................#
.##.#.####.............###
......# ###.........###
....### ###.....###
..#......###.........###


There were no monsters in sight!

Vanquished Creatures
  A ball python (D:1)
  A bat (D:1)
  A frilled lizard (D:1)
  2 rats (D:1)
5 creatures vanquished.

Notes
Turn   | Place    | Note
-------+----------+-------------------------------------------
     0 | D:1      | Leibowitz the Minotaur Berserker began the quest for the
                  | Orb.
     0 | D:1      | Reached XP level 1. HP: 19/19 MP: 0/0
    77 | D:1      | Upgraded the game from 0.27-a0-295-ge1136d6ca4 to
                  | 0.27-a0-328-g7f782ed93a
   169 | D:1      | Upgraded the game from 0.27-a0-328-g7f782ed93a to
                  | 0.27-a0-333-gfa571bf19a
   258 | D:$      | Got out of the dungeon alive.

Illustrated notes

Levels and vault maps discovered:
D:1:      nzn_arrival_depleted_hourglass, layout_loops_corners, serial_rivers,
          chequers_serial_rivers_micro_b, chequers_serial_rivers_room_a,
          chequers_serial_rivers_small_a, chequers_serial_rivers_room_b,
          minmay_cupped

Action                   || total
-------------------------++-------
Melee: Hand axe          ||     9
Armor: Animal skin       ||     6
Dodge: Dodged            ||     6

Table legend: (Time is in decaauts)
 A = Elapsed time spent in this place.
 B = Non-inter-level travel time spent in this place.
 C = Inter-level travel time spent in this place.
 D = Time resting spent in this place.
 E = Time spent auto-exploring this place.
 F = Levels seen in this place.
 G = Mean time per level.
                   A        B        C        D        E       F      G
               +--------+--------+--------+--------+--------+-----+--------+
         Total |    259 |    172 |     87 |      0 |    128 |   1 |  259.0 |
       Dungeon |    259 |    172 |     87 |      0 |    128 |   1 |  259.0 |
               +--------+--------+--------+--------+--------+-----+--------+

Top non-repeatable levels by time:
     D:1: 259 daAuts
